Map: Golden Wall LE

Players

SKillous - Winner!

  • Race: Protoss Protoss
  • League: Grandmaster
  • Spawn Location: 5:00

GOStephano (Stephano)

  • Race: Zerg Zerg
  • League: Grandmaster
  • Spawn Location: 7:00

Event: DreamHack SC2 Masters 2020 Summer Europe

VOD

Have the link to the VOD?

Description

Time

  • Played on: June 27, 2020, 12:17 p.m.
  • Length: 14:35

All games in this series

Show
View Real Time Build Order
Export as new Build Order

SKillous Protoss - Winner!

Build Orders: 1 Gate Expand, Mass Adepts 

Get SALT Encoding   

  12  0:00  Probe  
  13  0:12  Probe  
  14  0:20  Pylon  
  14  0:24  Probe  
  15  0:34  Probe  
  15  0:42  Gateway, Probe  
  16  0:47  Assimilator  
  17  0:52  Probe  
  18  1:04  Probe  
  19  1:16  Probe  
  20  1:24  Nexus  
  20  1:35  Cybernetics Core  
  20  1:38  Probe  
  21  1:44  Assimilator  
  21  1:50  Probe  
  22  1:54  Pylon  
  22  2:02  Stalker, Probe  
  23  2:12  Warp Gate  
  23  2:14  Probe  
  26  2:23  Adept  
  26  2:24  Twilight Council  
  26  2:27  Probe  
  27  2:32  Probe  
  30  2:39  Probe  
  30  2:40  Probe  
  32  2:51  Probe  
  33  2:53  Resonating Glaives  
  33  2:54  Robotics Facility  
  33  2:56  Probe  
  34  3:03  Probe  
  35  3:05  Gateway  
  35  3:12  Probe  
  36  3:18  Probe  
  37  3:23  Gateway  
  37  3:24  Adept  
  39  3:27  Probe  
  39  3:32  Warp Prism  
  41  3:35  Gateway  
  40  3:44  Probe  
  40  3:48  Pylon  
  43  3:50  Probe  
  43  3:55  Pylon  
  44  4:00  Probe  
  45  4:04  Probe  
  45  4:06  Adept x2  
  50  4:12  Observer, Probe  
  50  4:14  Pylon  
  50  4:16  Assimilator, Probe  
  53  4:28  Adept x3  
  53  4:29  Adept  
  53  4:30  Probe  
  62  4:32  Probe  
  62  4:36  Pylon  
  63  4:51  Adept x3  
  69  4:53  Pylon  
  69  4:56  Adept  
  69  4:57  Assimilator  
  69  4:58  Immortal  
  71  5:02  Probe  
  71  5:03  Probe  
  77  5:14  Probe  
  77  5:15  Pylon  
  77  5:19  Forge  
  78  5:31  Adept x4, Immortal  
  86  5:52  Probe  
  87  5:59  Immortal, Nexus  
  87  6:04  Pylon  
  87  6:06  Probe  
  92  6:20  Probe  
  92  6:24  Probe  
  90  6:26  Adept  
  90  6:27  Sentry x2, Protoss Ground Weapons Level 1  
  94  6:33  Probe  
  94  6:38  Gateway x2, Immortal  
  93  6:40  Sentry  
  93  6:41  Pylon  
  93  6:43  Probe  
  93  6:45  Probe  
  102  7:01  Probe x2  
  102  7:04  Immortal  
  101  7:13  Probe x2  
  101  7:14  Blink  
  103  7:23  Robotics Bay  
  103  7:27  Probe  
  105  7:33  Stalker x3  
  110  7:37  Immortal  
  110  7:38  Shield Battery  
  110  7:39  Probe  
  110  7:40  Probe x2  
  117  7:51  Probe  
  118  7:56  Probe  
  117  8:05  Probe  
  116  8:08  Colossus, Probe  
  116  8:09  Probe  
  116  8:18  Assimilator  
  116  8:19  Extended Thermal Lance  
  121  8:22  Stalker x2, Assimilator  
  121  8:26  Protoss Ground Weapons Level 2, Pylon  
  125  8:27  Pylon  
  125  8:35  Photon Cannon  
  125  8:39  Photon Cannon x2  
  125  8:40  Photon Cannon  
  125  8:44  Probe  
  126  8:54  Disruptor  
  126  8:58  Stalker x4  
  126  8:59  Stalker x2  
  139  9:05  Pylon  
  139  9:08  Gateway  
  137  9:10  Gateway  
  137  9:11  Pylon  
  137  9:22  Adept x2  
  141  9:25  Pylon  
  141  9:28  Pylon  
  141  9:29  Stalker  
  141  9:30  Stalker  
  145  9:33  Disruptor  
  145  9:42  Stalker x4  
  152  9:53  Charge  
  150  10:00  Pylon  
  150  10:02  Disruptor  
  150  10:04  Templar Archives  
  153  10:17  Stalker x5  
  163  10:25  Stalker x3  
  166  10:32  Observer, Probe  
  160  10:36  Probe x2  
  162  10:45  Probe  
  162  10:48  Probe x2  
  164  10:54  Protoss Ground Weapons Level 3  
  164  10:55  Photon Cannon  
  164  10:56  Shield Battery  
  165  10:57  Photon Cannon, Probe  
  165  10:59  Photon Cannon  
  165  11:01  Shield Battery  
  165  11:03  Pylon  
  165  11:12  Disruptor  
  165  11:17  Stalker x2  
  165  11:18  Stalker  
  166  11:22  Probe  
  166  11:28  Probe  
  160  11:35  Probe  
  159  11:40  Probe  
  159  11:44  Zealot x4  
  160  12:07  Immortal, Zealot x5  
  160  12:08  Probe  
  164  12:24  Gateway x3  
  164  12:34  Cybernetics Core, High Templar x6  
  176  12:41  Archon x2  
  176  12:42  Archon  
  168  12:44  Immortal  
  168  12:50  Probe  
  168  12:51  Probe  
  167  13:07  Zealot x6  
  167  13:11  Warp Prism  
  169  13:17  Probe  
  163  13:23  Probe  
  155  13:32  High Templar x5  
  155  13:33  High Templar  
  155  13:34  Zealot x2  
  167  13:36  Archon  
  167  13:37  Archon  
  167  13:47  Zealot  
  167  13:48  Probe  
  170  13:54  Archon  
  160  14:15  Stalker x4  
  160  14:16  Stalker x5  
Show
View Real Time Build Order
Export as new Build Order

GOStephano Zerg 

Build Orders: Hatch First 

Get SALT Encoding   

  12  0:00  Drone  
  13  0:12  Overlord  
  13  0:17  Drone  
  14  0:30  Drone  
  15  0:41  Drone  
  16  0:48  Hatchery  
  15  0:51  Drone  
  15  0:55  Drone  
  17  0:59  Drone  
  18  1:10  Extractor  
  17  1:15  Spawning Pool  
  16  1:19  Drone  
  16  1:22  Drone  
  18  1:28  Drone  
  19  1:38  Drone  
  20  1:49  Drone  
  21  2:01  Queen x2  
  21  2:02  Zergling x4  
  27  2:11  Drone  
  27  2:12  Overlord  
  28  2:24  Metabolic Boost  
  28  2:31  Hatchery  
  28  2:32  Drone  
  28  2:35  Drone  
  29  2:38  Drone  
  30  2:45  Queen  
  30  2:49  Drone  
  33  2:54  Drone x2  
  35  3:00  Overlord  
  35  3:02  Drone  
  36  3:11  Extractor  
  36  3:12  Drone, Extractor  
  35  3:13  Drone  
  35  3:17  Overlord  
  38  3:20  Drone  
  38  3:21  Drone x3  
  38  3:26  Queen  
  44  3:32  Spore Crawler  
  43  3:36  Drone x3  
  46  3:44  Roach Warren, Drone  
  46  3:46  Drone  
  46  3:47  Drone  
  48  3:52  Overlord  
  48  3:54  Drone  
  48  3:55  Drone  
  50  4:03  Drone x3  
  50  4:05  Overlord  
  53  4:11  Zergling x8  
  57  4:18  Queen  
  57  4:23  Spine Crawler  
  57  4:24  Roach x2  
  62  4:26  Roach  
  66  4:31  Roach, Spore Crawler  
  66  4:34  Roach  
  66  4:37  Roach  
  69  4:42  Roach  
  69  4:43  Roach  
  72  4:49  Overlord x2  
  72  5:01  Roach  
  72  5:04  Overlord  
  73  5:09  Roach x7  
  87  5:16  Drone x2  
  89  5:35  Roach x2  
  89  5:38  Overlord  
  89  5:39  Overlord  
  89  5:42  Drone x4  
  93  5:44  Spore Crawler  
  92  5:55  Drone x6  
  92  5:56  Spore Crawler  
  96  6:03  Drone x4  
  100  6:07  Drone x3  
  103  6:12  Lair  
  98  6:23  Overlord  
  98  6:26  Drone x7  
  98  6:27  Drone  
  98  6:31  Drone  
  107  6:35  Overlord  
  107  6:39  Drone x4, Extractor x2  
  108  6:40  Extractor  
  108  6:41  Extractor  
  105  6:49  Drone  
  106  6:59  Roach x5  
  116  7:05  Hatchery  
  112  7:12  Roach  
  112  7:14  Overlord  
  112  7:16  Evolution Chamber  
  112  7:20  Drone x8  
  116  7:25  Extractor  
  116  7:29  Glial Reconstitution  
  115  7:38  Drone x3  
  115  7:39  Drone x3  
  115  7:42  Zerg Missile Weapons Level 1  
  121  7:47  Infestation Pit  
  118  7:59  Roach x10  
  133  8:10  Roach x3  
  136  8:13  Spore Crawler  
  136  8:14  Overlord  
  136  8:27  Roach x4  
  144  8:28  Overlord x2  
  144  8:29  Overlord  
  144  8:30  Overlord x2  
  144  8:37  Burrow  
  144  8:44  Overseer  
  144  8:48  Tunneling Claws  
  144  8:55  Ravager x5  
  147  8:58  Zergling x2  
  147  8:59  Zergling x28  
  159  9:07  Zergling x10  
  164  9:14  Ravager  
  164  9:15  Ravager x2, Zergling x8  
  171  9:21  Roach x2  
  175  9:25  Roach x2  
  179  9:32  Roach x2  
  181  9:43  Roach  
  181  9:45  Overlord  
  182  9:49  Overlord  
  182  9:52  Overlord  
  182  9:54  Roach  
  182  9:55  Overlord x2  
  182  9:58  Roach x3  
  184  10:00  Roach x4  
  184  10:06  Roach x3  
  184  10:09  Roach  
  184  10:10  Roach  
  184  10:11  Roach x8  
  184  10:12  Roach x2  
  197  10:17  Ravager x3  
  200  10:25  Roach x3  
  180  10:37  Roach x6  
  185  10:48  Roach x4  
  193  10:50  Roach x16, Ravager x4  
  195  10:59  Roach  
  195  11:00  Roach x2  
  196  11:06  Roach x2  
  193  11:18  Roach  
  193  11:19  Roach x2  
  197  11:28  Roach x6  
  186  11:35  Ravager x9  
  186  11:36  Roach  
  197  11:40  Roach x3  
  192  11:53  Roach x6  
  190  11:57  Roach x2  
  177  12:12  Roach x7  
  189  12:18  Drone  
  189  12:19  Drone x3  
  193  12:23  Overseer  
  193  12:26  Drone x3  
  186  12:44  Roach x8  
  200  12:56  Roach x4  
  200  12:57  Roach  
  160  13:10  Roach x12  
  169  13:15  Roach x3  
  169  13:19  Roach x2  
  163  13:33  Roach x7  
  175  13:38  Roach x2  
  180  13:41  Ravager x7  
  180  13:42  Ravager  
  187  13:50  Roach x2  
  187  13:53  Overseer  
  187  13:55  Drone x3, Extractor  
  178  14:08  Roach x6  
  167  14:14  Roach x3  
Tags
 
Add a new tag
Caveats
  • Supply blocks, unpowered buildings, or Contaminate may cause inaccurate times.
  • Supply counts are checked every 10 seconds.